 Dungeon Crawl Stone Soup version 0.28.0-53-g5a82cb258f (webtiles) character file.

Game seed: 8456722259920798635

723 worthlessgem the Changer (level 7, 4/31 HPs)
             Began as a Felid Transmuter on Aug 22, 2022.
             Was a Follower of Nemelex Xobeh.
             Quit the game on level 5 of the Dungeon.
             The game lasted 00:43:58 (8603 turns).

worthlessgem the Changer (Felid Transmuter)         Turns: 8603, Time: 00:43:59

Health: 4/31       AC:  2    Str: 11    XL:     7   Next: 43%
Magic:  14/14      EV: 17    Int: 14    God:    Nemelex Xobeh [*.....]
Gold:   150        SH:  0    Dex: 17    Spells: 10/14 levels left
                                        Lives:  1   Deaths: 1

rFire   . . .      SeeInvis +     - Unarmed
rCold   . . .      Faith    .   (shield unavailable)
rNeg    . . .      Spirit   .   (armour unavailable)
rPois   .          Reflect  .   (helmet unavailable)
rElec   .          Harm     .   (cloak unavailable)
rCorr   .          Rampage  .   (gloves unavailable)
Will    ++...                   (boots unavailable)
Stlth   ++........              (no amulet)
HPRegen 0.10/turn               a - ring "Ubus" {Will+ Str+3}
MPRegen 0.14/turn               (no ring)

@: appendages (expiring), quick
A: horns 2, very small, claws 1, fangs 3, see invisible, speed 1, shaggy fur 2,
stealthy paws, no weapons or thrown items, no armour, multi-lived
a: End Transformation, Renounce Religion, Draw Escape, Draw Destruction, Draw
Summoning


You were on level 5 of the Dungeon.
You worshipped Nemelex Xobeh.
Nemelex Xobeh was aware of your devotion.
You had temporarily grown beastly horns.
You visited 2 branches of the dungeon, and saw 6 of its levels.
You also visited: Sewer.

You collected 150 gold pieces.

Inventory:

Missiles
 f - 170 stones
Jewellery
 a - the ring "Ubus" (left paw) {Will+ Str+3}
   (You acquired it on level 4 of the Dungeon)

   [ring of willpower]

   Str:       It affects your strength (+3).
   Will:      It increases your willpower.
Wands
 e - a wand of iceblast (12)
Scrolls
 d - a scroll of holy word
 g - 2 scrolls of teleportation
 h - 2 scrolls of enchant armour
 i - 2 scrolls of identify
 j - a scroll of summoning {unknown}
 l - a scroll of blinking {unknown}
Potions
 b - 2 potions of heal wounds
 c - a potion of curing
 k - a potion of mutation


   Skills:
 + Level 3.2 Fighting
 + Level 2.8 Dodging
 + Level 5.1 Unarmed Combat
 - Level 4.0 Spellcasting
 - Level 6.0 Transmutations
 * Level 0.5 Ice Magic
 - Level 3.0 Poison Magic
 + Level 0.4 Invocations


You had 10 spell levels left.
You knew the following spells:

 Your Spells              Type           Power      Damage    Failure   Level
a - Beastly Appendage     Tmut           38%        N/A       1%          1
b - Spider Form           Tmut/Pois      15%        N/A       9%          3

Your spell library contained the following spells:

 Spells                   Type           Power      Damage    Failure   Level
 Wereblood                Tmut           19%        N/A       2%          2
 Ignite Poison            Fire/Tmut/Pois 11%        N/A       17%         3
 Magic Dart               Conj           8%         1d3       19%         1
 Blink                    Tloc           4%         N/A       28%         2
 Searing Ray              Conj           4%         2d4       28%         2
 Ice Form                 Ice/Tmut       12%        N/A       45%         4
 Conjure Flame            Conj/Fire      2%         6-21      50%         3
 Lesser Beckoning         Tloc           2%         N/A       50%         3
 Fulminant Prism          Conj/Hex       1%         3d6       88%         4
 Sticky Flame             Conj/Fire      2%         2d3       88%         4
 Manifold Assault         Tloc           2%         N/A       99%         5


Dungeon Overview and Level Annotations

Branches:
Dungeon (5/15)             Temple (1/1) D:4           Sewer (visited)

Altars:
Ashenzari
Cheibriados
Elyvilon
Fedhas
Gozag
Kikubaaqudgha
Makhleb
Nemelex Xobeh
Sif Muna
Uskayaw
Vehumet
Xom
Yredelemnul
Zin
The Shining One

Shops:
D:1 (   D:2 !

Annotations:
D:2 exclusion: upstairs
D:4 Edmund


Innate Abilities, Weirdness & Mutations

You have temporarily grown beastly horns.
You have sharp claws.
You have razor-sharp teeth.
You have supernaturally acute eyesight. (SInv)
You cover ground quickly. (Speed+)
You are covered in thick fur. (AC +2)
Your paws help you pounce on unaware monsters.
You are incapable of wielding weapons or throwing items.
You cannot wear armour.
You gain extra lives every three experience levels.


Message History

The gnoll sergeant hits you with a +0 trident!
You bite the gnoll sergeant!
The gnoll sergeant is poisoned.
The gnoll sergeant is moderately wounded.
The gnoll sergeant hits you with a +0 trident!
Ouch! That really hurt!
* * * LOW HITPOINT WARNING * * *
You are too injured to fight recklessly!
The gnoll shouts!
You hit the gnoll sergeant.
The gnoll sergeant looks as sick as possible!
The gnoll sergeant is heavily wounded.
The gnoll sergeant barely misses you.
You hit the gnoll sergeant but do no damage.
The gnoll sergeant looks as sick as possible!
The gnoll sergeant is heavily wounded.
The gnoll sergeant completely misses you.
You hit the gnoll sergeant but do no damage.
The gnoll sergeant looks as sick as possible!
The gnoll sergeant is heavily wounded.
The gnoll sergeant misses you.
You hit the gnoll sergeant but do no damage.
The gnoll sergeant looks as sick as possible!
The gnoll sergeant is heavily wounded.
The gnoll sergeant barely misses you.
Casting: Spider Form (quite dangerous; 22% risk of failure)
Confirm with . or Enter, or press ? or * to list all spells.
Your transformation has ended.
You grow a pair of large bovine horns.
The gnoll sergeant misses you.
You scratch the gnoll sergeant but do no damage.
The gnoll sergeant is almost dead.
The gnoll sergeant misses you.
You scratch the gnoll sergeant.
You kill the gnoll sergeant!
Okay, then.
You enter the shallow water.
Moving in this stuff is going to be slow.
You enter the shallow water.
Moving in this stuff is going to be slow.
Your transformation is almost over.
Are you sure you want to abandon this character and quit the game? (Confirm with "yes".)

#.....#.##....#
#########..#.....#
##..†.≈≈≈≈.≈##.##+###
#.≈≈≈≈≈≈≈≈≈###......#
#
#..###########......#
#
#..≈≈≈≈≈≈##..'......#
#
##≈....÷≈≈####......#
#
##≈≈≈≈≈≈..#....#'###
# #########@.####.#.#
##.≈≈≈≈≈≈≈≈≈# #)#.#
#≈≈≈.≈g≈≈≈≈### #.#.#
#.≈≈########.# #)#.#
#.##.#
#.###.#.#######
#....#
#.............#
####.#
#.###########.# #.#
#.# #.# #.# #.# #.##


You could see a gnoll.

Vanquished Creatures
  A water moccasin (D:5)
  An ogre (D:4)
  6 kobold brigands (Sewer)
  A gnoll sergeant (D:5)
  A hound (D:5)
  An iguana (D:5)
  An orc wizard (D:5)
  A hound zombie (D:5)
  2 gnolls (D:2)
  10 adders
  2 river rats (Sewer)
  An adder skeleton (D:4)
  3 worms
  3 dart slugs
  3 orcs
  10 ball pythons
  7 endoplasms
  7 giant cockroaches
  11 goblins
  8 hobgoblins
  15 kobolds
  6 quokkas
  6 bats
  A frilled lizard (D:1)
  6 rats
114 creatures vanquished.

Notes
Turn   | Place    | Note
-------+----------+-------------------------------------------
     0 | D:1      | worthlessgem the Felid Transmuter began the quest for the
                  | Orb.
     0 | D:1      | Reached XP level 1. HP: 9/9 MP: 4/4
   216 | D:1      | Reached XP level 2. HP: 10/12 MP: 4/6
   761 | D:1      | Found Fawaqekhoid's Weapon Shop.
  1851 | D:2      | Reached XP level 3. HP: 15/15 MP: 7/7
  1855 | D:2      | Learned a level 3 spell: Spider Form
  2329 | D:2      | Found Cualasku's Distillery.
  2710 | D:4      | Identified a scroll of acquirement
  2711 | D:4      | Acquired the ring "Ubus" {Will+ Str+3}
  2771 | D:3      | Found a broken altar of Ashenzari.
  2837 | D:3      | Reached skill level 3 in Transmutations
  3059 | D:2      | Reached skill level 1 in Poison Magic
  3367 | D:3      | Reached XP level 4. HP: 16/19 MP: 5/8
  4255 | D:4      | Found a staircase to the Ecumenical Temple.
  4273 | Temple   | Entered the Ecumenical Temple
  4545 | Temple   | Became a worshipper of Nemelex Xobeh the Trickster
  4637 | D:4      | Noticed Edmund
  4681 | D:4      | Noticed an ogre
  4812 | D:4      | Reached XP level 5. HP: 17/22 MP: 8/10
  5236 | D:2      | HP: 1/22 [gnoll/+0 whip (8)]
  5641 | D:5      | Entered Level 5 of the Dungeon
  5728 | D:4      | Killed an ogre
  5729 | D:4      | Reached skill level 4 in Transmutations
  5901 | D:5      | Found a glowing drain.
  5913 | Sewer    | Entered a sewer
  6015 | Sewer    | Gained mutation: You are covered in thick fur. (AC +2)
                  | [Felid growth]
  6015 | Sewer    | Reached XP level 6. HP: 25/25 MP: 7/11
  6406 | Sewer    | Reached skill level 5 in Transmutations
  6957 | Sewer    | Reached XP level 7. HP: 22/30 MP: 5/13
  7466 | Sewer    | Succumbed to a kobold brigand's curare-tipped dart
  7467 | Sewer    | Reached XP level 6. HP: 0/27 MP: 12/12
  7467 | Sewer    | Reached * piety under Nemelex Xobeh
  8389 | D:5      | Reached XP level 7. HP: 26/31 MP: 10/13
  8416 | D:5      | Reached skill level 5 in Unarmed Combat
  8465 | D:5      | Reached skill level 6 in Transmutations
  8562 | D:5      | HP: 1/31 [gnoll sergeant/+0 trident (16)]
  8603 | D:5      | Quit the game

Illustrated notes

Levels and vault maps discovered:
D:1:      dpeg_arrival_windows_large_door, layout_loops_cross, serial_shops,
          shop, hangedman_abyss_or_decor_lesser_grid, kennysheep_minor_cross
D:2:      kennysheep_the_goblin_king, layout_basic, serial_shops,
          nicolae_shop_statue_plus
D:3:      minmay_chambers_of_threes, layout_loops_ring, ashenzari_altar_1
D:4:      layout_rooms, minmay_temple_entry_butterflies, uniq_edmund
D:5:      layout_basic, ebering_ghost_inner_flame, gup_sewer_entry_pipe
Temple:   minmay_temple_curvy_branch

Skill      XL: |  1  2  3  4  5  6  7 |
---------------+----------------------+-----
Transmutations | 3 4 5 6 |  6.0
Poison Magic   | 1 2 3 |  3.0
Unarmed Combat | 4 5 |  5.1
Spellcasting   | 3 4 |  4.0
Fighting       | 3 |  3.2
Dodging        | |  2.8
Ice Magic      | |  0.5
Invocations    | |  0.4

Action                   |  1- 3 |  4- 6 |  7- 9 || total
-------------------------+-------+-------+-------++-------
Melee: Unarmed           |   103 |   187 |    46 ||   336
       Headbutt          |    14 |    23 |     1 ||    38
       Bite              |    10 |    13 |     1 ||    24
       Punch             |     2 |     3 |       ||     5
 Cast: Beastly Appendage |    36 |    30 |     2 ||    68
       Spider Form       |       |    17 |    10 ||    27
  Use: Scroll            |     9 |     1 |     1 ||    11
       Potion            |     3 |     2 |       ||     5
 Stab: Sleeping          |     1 |     1 |       ||     2
Armor: Skin              |     5 |    19 |     1 ||    25
Dodge: Dodged            |    89 |   151 |    24 ||   264
